 Dungeon Sprint DCSS version 0.23.2-1-ga50397a6bc (webtiles) character file.

Game seed: 6613724996271942763

15899 Kobolds4U the Imperceptible (level 12, -1/93 HPs)
             Began as a Spriggan Assassin on May 28, 2019.
             Was the Champion of Okawaru.
             Slain by a fire giant
             ... wielding a +2 great sword of flaming
              (14 damage)
             ... in the Dungeon (Sprint I: "Red Sonja") on May 29, 2019.
             The game lasted 00:16:24 (2063 turns).

Kobolds4U the Imperceptible (Spriggan Assassin)     Turns: 2063, Time: 00:16:24

Health: -1/93      AC: 12    Str: 12    XL:     12   Next: 5%
Magic:  23/23      EV: 27    Int: 13    God:    Okawaru [******]
Gold:   705        SH:  0    Dex: 22    Spells: 11/11 levels left

rFire    + + .     SeeInvis +   H - +6 short sword (venom)
rCold    x . .     Gourm    .   (shield restricted)
rNeg     . . .     Faith    .   I - +1 fire dragon scales
rPois    .         Spirit   .   (helmet restricted)
rElec    .         Reflect  .   t - +2 cloak {+Inv}
rCorr    .         Harm     .   (gloves unavailable)
MR       ++...     NoTele   +   (boots unavailable)
Stlth    ..........             m - amulet of rage (curse)
HPRegen  0.25/turn              (no ring)
MPRegen  0.18/turn              (no ring)

@: berserking, hasted, very quick
A: very small, unfitting armour, see invisible, herbivore, speed 3, slow
metabolism 2
a: Heroism, Finesse, Renounce Religion, Evoke Berserk Rage, Evoke Invisibility


You were in the Dungeon.
You worshipped Okawaru.
Okawaru was exalted by your worship.
You were not hungry.

You visited 1 branch You collected 2048 gold pieces.
You spent 1343 gold pieces at shops.

Inventory:

Hand Weapons
 a - the +6 rapier "Qiejuaw" {freeze, +Rage rF- Int-5 SInv}
   (Okawaru gifted it to you in the Dungeon)

   It has been specially enchanted to freeze those struck by it, causing extra
   injury to most foes and up to half again as much damage against particularly
   susceptible opponents.
   It can also slow down cold-blooded creatures.
   It affects your intelligence (-5).
   It makes you vulnerable to fire.
   It lets you see invisible.
   It lets you go berserk.
 b - a +1 blowgun
 p - a +0 shortbow
 r - a +0 scimitar
 s - a +0 dagger of venom
 y - the +6 morningstar of the Hawk {crush, *Corrode +Inv rN+ Dex+3}
   (You found it in the Dungeon)

   It inflicts extra damage upon your enemies.
   It affects your dexterity (+3).
   It protects you from negative energy.
   It lets you turn invisible.
   It may corrode you when you take damage.
 z - a +2 dagger
 A - a +1 triple crossbow of flaming
 C - a +1 dagger of electrocution
 H - a +6 short sword of venom (weapon)
Missiles
 e - 8 poisoned needles
 f - 7 curare-tipped needles
 q - 44 arrows
Armour
 c - a +0 robe
 d - a +0 cloak
 t - a +2 cloak of invisibility (worn)
 u - a scarf of spirit shield
 v - a +1 robe of cold resistance
 I - +1 fire dragon scales (worn)
Jewellery
 m - a cursed amulet of rage (around neck)
Wands
 o - a wand of polymorph (7)
 D - a wand of enslavement (11)
 E - a wand of paralysis (10)
 F - a wand of acid (9)
 G - a wand of disintegration (6)
Scrolls
 w - a scroll of amnesia {unknown}
 x - a scroll of fear {unknown}
 B - a scroll of enchant weapon
Potions
 h - 2 potions of curing
 k - 2 potions of magic
 n - a potion of flight {unknown}
Comestibles
 g - 2 rations


   Skills:
 - Level 6.3 Fighting
 - Level 12.2 Short Blades
 - Level 7.2 Bows
 - Level 2.0 Throwing
 - Level 17.1 Dodging
 - Level 26.3 Stealth
 + Level 10.2 Invocations
 * Level 13.6 Evocations


You had 11 spell levels left.
You didn't know any spells.
Your spell library was empty.

Dungeon Overview and Level Annotations

Branches:
Dungeon (1/1)

Altars:
Cheibriados
Dithmenos
Elyvilon
Fedhas
Gozag
Hepliaklqana
Kikubaaqudgha
Makhleb
Nemelex Xobeh
Okawaru
Qazlal
Ru
Sif Muna
Trog
Uskayaw
Vehumet
Wu Jian
Xom
Yredelemnul
Zin
The Shining One
Jiyva
Lugonu

Shops:
D [%%*}}?!([:*((*[*

Annotations:
D exclusion: 4 doors


Innate Abilities, Weirdness & Mutations

You are very small and have problems with some larger weapons.
You are too small for most types of armour.
You have supernaturally acute eyesight. (SInv)
You are a herbivore.
You cover ground extremely quickly.
You need to consume almost no food.


Message History

The fire giant looks as sick as possible!
The fire giant is moderately wounded.
You hit the fire giant.
The fire giant looks as sick as possible!
The fire giant is moderately wounded.
The fire giant hits you with a +2 great sword of flaming!
* * * LOW HITPOINT WARNING * * *
Unknown command.
You feel better. The fire giant misses you.
A red film seems to cover your vision as you go berserk!
You feel yourself moving faster!
You feel mighty!
The fire giant gestures at you while chanting.
The bolt of fire hits you. You resist.
* * * LOW HITPOINT WARNING * * *
The bolt of fire hits the fire giant.
The fire giant resists.
You hit the fire giant.
The fire giant looks as sick as possible!
The fire giant is moderately wounded.
The fire giant hits you with a +2 great sword of flaming!
You die...

'###°°^ #§.###$#
.'.#○°.# #.##..$#
##.#^○## #..#+###
##.#^^# ##...# ##.#
###.# ##.# #.# .'.#
#.# ##§# ####'#
§#§##### ###.C@C#
#§.#?)[#####...####
####!....)...###
##?!(....#####
##%[..).## #$....##
##$$$$$# ########
##≈≈≈≈≈≈


You could see 2 fire giants.

Vanquished Creatures
  2 fire giants (D)
  A hydra (D)
  2 centaur warriors (D)
  Sonja (D)
  7 unseen horrors (D)
  A deep troll (D)
  A lindwurm (D)
  An oklob plant (D)
  A gargoyle (D)
  2 kobold demonologists (D)
  4 demonic crawlers (D)
  A hornet (D)
  A slime creature (D)
  Sigmund (D)
  2 redbacks (D)
  A yak (D)
  13 hogs (D)
  3 floating eyes (D)
  7 necrophages (D)
  An ogre (D)
  8 jellies (D)
  Ijyb (D)
  A ballistomycete (D)
  A ballistomycete spore (D)
64 creatures vanquished.

Vanquished Creatures (others)
  A gargoyle (D)
  A ballistomycete spore (D)
2 creatures vanquished.

Grand Total: 66 creatures vanquished

Notes
Turn   | Place    | Note
-------+----------+-------------------------------------------
     0 | D        | Kobolds4U the Spriggan Assassin began the quest for the
                  | Orb.
     0 | D        | Reached XP level 1. HP: 10/10 MP: 2/2
     1 | D        | Noticed Ijyb
    38 | D        | Killed Ijyb
    38 | D        | Reached skill level 10 in Stealth
    38 | D        | Reached XP level 2. HP: 12/14 MP: 3/3
    56 | D        | Noticed an ogre
    59 | D        | Killed an ogre
    59 | D        | Reached skill level 14 in Stealth
    59 | D        | Reached XP level 3. HP: 16/18 MP: 4/4
    59 | D        | Reached XP level 4. HP: 20/22 MP: 5/5
    69 | D        | Noticed Sigmund
    72 | D        | Killed Sigmund
    72 | D        | Reached skill level 18 in Stealth
    72 | D        | Reached XP level 5. HP: 23/25 MP: 6/6
    72 | D        | Reached XP level 6. HP: 28/30 MP: 7/7
    84 | D        | Found a burning altar of Makhleb.
    84 | D        | Found a viscous altar of Jiyva.
    84 | D        | Found a shimmering altar of Xom.
    84 | D        | Found a corrupted altar of Lugonu.
    84 | D        | Noticed a slime creature
    87 | D        | Killed a slime creature
    87 | D        | Reached skill level 20 in Stealth
   104 | D        | Found an ornate altar of the Wu Jian Council.
   104 | D        | Found a deep blue altar of Sif Muna.
   106 | D        | Found a radiant altar of Vehumet.
   140 | D        | Found Xotac's Food Emporium.
   140 | D        | Found an ancient bone altar of Kikubaaqudgha.
   140 | D        | Found a hazy altar of Hepliaklqana.
   140 | D        | Found a stormy altar of Qazlal.
   140 | D        | Found a hide-covered altar of Uskayaw.
   140 | D        | Found a blossoming altar of Fedhas.
   140 | D        | Found a bloodstained altar of Trog.
   140 | D        | Found an iron altar of Okawaru.
   140 | D        | Found a basalt altar of Yredelemnul.
   140 | D        | Found a glowing golden altar of the Shining One.
   140 | D        | Found a snail-covered altar of Cheibriados.
   140 | D        | Found a sacrificial altar of Ru.
   140 | D        | Found a glowing silver altar of Zin.
   140 | D        | Found a shadowy altar of Dithmenos.
   140 | D        | Found a white marble altar of Elyvilon.
   140 | D        | Noticed a yak
   141 | D        | Found an opulent altar of Gozag.
   161 | D        | Killed a yak
   161 | D        | Reached skill level 21 in Stealth
   161 | D        | Reached XP level 7. HP: 33/33 MP: 8/8
   181 | D        | Found a sparkling altar of Nemelex Xobeh.
   186 | D        | Became a worshipper of Warmaster Okawaru
   198 | D        | Noticed a centaur warrior
   205 | D        | Noticed a centaur warrior
   206 | D        | Killed a centaur warrior
   206 | D        | Reached * piety under Okawaru
   206 | D        | Reached skill level 24 in Stealth
   206 | D        | Reached XP level 8. HP: 37/37 MP: 9/9
   207 | D        | Killed a centaur warrior
   207 | D        | Reached ** piety under Okawaru
   207 | D        | Reached *** piety under Okawaru
   207 | D        | Reached skill level 26 in Stealth
   258 | D        | Noticed a hornet
   261 | D        | Killed a hornet
   261 | D        | Reached XP level 9. HP: 43/43 MP: 10/10
   269 | D        | Noticed an oklob plant
   281 | D        | Noticed a deep troll
   283 | D        | Killed a deep troll
   283 | D        | Reached skill level 5 in Fighting
   300 | D        | Found Ticouxto's Armour Emporium.
   317 | D        | Noticed Sonja
   320 | D        | Killed Sonja
   320 | D        | Reached **** piety under Okawaru
   320 | D        | Reached skill level 10 in Dodging
   338 | D        | Found Umefu's Antique Armour Boutique.
   346 | D        | Bought a glowing cloak for 202 gold pieces
   346 | D        | Bought an embroidered scarf for 216 gold pieces
   346 | D        | Bought a runed robe for 99 gold pieces
   386 | D        | Killed a gargoyle
   701 | D        | Noticed a kobold demonologist
   702 | D        | Noticed a kobold demonologist
   706 | D        | Killed a kobold demonologist
   708 | D        | Killed a kobold demonologist
   714 | D        | Noticed a demonic crawler
   714 | D        | Noticed a demonic crawler
   714 | D        | Noticed a demonic crawler
   714 | D        | Noticed a demonic crawler
   716 | D        | Killed a demonic crawler
   716 | D        | Reached XP level 10. HP: 53/53 MP: 11/11
   719 | D        | Reached ***** piety under Okawaru
   719 | D        | Reached skill level 5 in Short Blades
   720 | D        | Reached skill level 15 in Dodging
   727 | D        | Got a twisted morningstar
   728 | D        | Identified the +6 morningstar of the Hawk {crush, *Corrode
                  | +Inv rN+ Dex+3} (You found it in the Dungeon)
   741 | D        | Noticed a lindwurm
   765 | D        | Killed a lindwurm
   939 | D        | Received a gift from Okawaru
   940 | D        | Got a faintly glowing rapier {god gift}
   941 | D        | Identified the +6 rapier "Qiejuaw" {freeze, +Rage rF- Int-5
                  | SInv} (Okawaru gifted it to you in the Dungeon)
   985 | D        | Reached skill level 10 in Short Blades
  1206 | D        | Noticed a 12-headed hydra
  1208 | D        | Killed a 12-headed hydra
  1210 | D        | Reached XP level 11. HP: 57/57 MP: 12/12
  1279 | D        | Killed an oklob plant
  1301 | D        | Received a gift from Okawaru
  1328 | D        | Noticed an unseen horror
  1329 | D        | Noticed an unseen horror
  1352 | D        | Killed an unseen horror
  1352 | D        | Reached skill level 5 in Invocations
  1365 | D        | Killed an unseen horror
  1365 | D        | Reached skill level 5 in Evocations
  1733 | D        | Found Mymuahul's General Store.
  1733 | D        | Found Egyt's Food Shop.
  1733 | D        | Found Vulutzos's Gadget Boutique.
  1735 | D        | Found Ablacen's Gadget Emporium.
  1735 | D        | Found Syoff's Magic Scroll Shop.
  1735 | D        | Found Qos Qisui's Distillery.
  1735 | D        | Found Namet's Weapon Boutique.
  1735 | D        | Found Doban's Armour Emporium.
  1735 | D        | Found Huwaton's Book Shop.
  1735 | D        | Found Juk Ome's General Store.
  1739 | D        | Found Duiresir's Antique Weapon Boutique.
  1740 | D        | Found Yvvaruj's Assorted Antiques.
  1740 | D        | Found Veit's Weapon Boutique.
  1741 | D        | Found Zibicse's General Store.
  1748 | D        | Bought a potion of degeneration for 11 gold pieces
  1773 | D        | Bought a wand of enslavement (11) for 143 gold pieces
  1774 | D        | Bought a wand of paralysis (10) for 168 gold pieces
  1774 | D        | Bought a wand of acid (9) for 364 gold pieces
  1774 | D        | Bought a wand of disintegration (6) for 140 gold pieces
  1944 | D        | Noticed a daeva
  1947 | D        | Noticed an unseen horror
  1947 | D        | Noticed an unseen horror
  1947 | D        | Noticed an unseen horror
  1948 | D        | Noticed an unseen horror
  1950 | D        | Killed an unseen horror
  1950 | D        | Received a gift from Okawaru
  1951 | D        | Noticed an unseen horror
  1952 | D        | Killed an unseen horror
  1953 | D        | Killed an unseen horror
  1953 | D        | Reached skill level 5 in Bows
  1955 | D        | Killed an unseen horror
  1955 | D        | Reached skill level 10 in Evocations
  1957 | D        | Killed an unseen horror
  1996 | D        | Noticed a fire giant
  1999 | D        | Noticed a fire giant
  2000 | D        | Noticed a fire giant
  2001 | D        | Noticed a fire giant
  2003 | D        | Killed a fire giant
  2003 | D        | Received a gift from Okawaru
  2027 | D        | Killed a fire giant
  2027 | D        | Reached ****** piety under Okawaru
  2027 | D        | Reached skill level 10 in Invocations
  2027 | D        | Reached XP level 12. HP: 62/62 MP: 21/23
  2060 | D        | HP: 1/62 [fire giant/+2 great sword of flaming (10)]
  2063 | D        | Slain by a fire giant

Skill      XL: |  1  2  3  4  5  6  7  8  9 10 11 |
---------------+----------------------------------+-----
Stealth        | 10 14 18 21 24 26 | 26.3
Fighting       | 2 6 |  6.3
Dodging        | 4 14 17 | 17.1
Short Blades   | 11 12 | 12.2
Invocations    | 10 | 10.2
Evocations     | 13 | 13.6
Bows           | 7 |  7.2
Throwing       | |  2.0

Action                   |  1- 3 |  4- 6 |  7- 9 | 10-12 || total
-------------------------+-------+-------+-------+-------++-------
Melee: Dagger            |     9 |     6 |    20 |    47 ||    82
       Rapier            |       |       |       |   179 ||   179
       Short sword       |       |       |       |    12 ||    12
 Fire: Blowgun           |     6 |     5 |       |     4 ||    15
  Use: Scroll            |       |     1 |     1 |       ||     2
       Potion            |       |       |     2 |     4 ||     6
 Stab: Sleeping          |     1 |     3 |    10 |    21 ||    35
       Distracted        |       |       |       |     1 ||     1
Armor: Robe              |     1 |       |       |     6 ||     7
Dodge: Dodged            |    11 |     2 |     1 |   177 ||   191
